 Dungeon Crawl Stone Soup version 0.21.0-3-g78d12a8 (webtiles) character file.

223768 Jatast the Pandemonic (level 18, 0/168 HPs)
             Began as a Deep Dwarf Monk on Jan 14, 2018.
             Was a High Priest of Makhleb.
             Slain by an orc knight
             ... wielding a +2 great mace of holy wrath
              (1 damage)
             ... on level 1 of the Vaults.
             The game lasted 02:15:06 (34377 turns).

Jatast the Pandemonic (Deep Dwarf Monk)            Turns: 34377, Time: 02:15:06

Health: 0/168      AC: 23    Str: 20    XL:     18   Next: 13%
Magic:  0/0        EV: 12    Int: 12    God:    Makhleb [*****.]
Gold:   3046       SH: 20    Dex: 17    Spells: 24/27 levels left

rFire    . . .     SeeInvis .   I - +3 broad axe (chop)
rCold    + + .     Gourm    +   C - +0 large shield
rNeg     + . .     Faith    .   Y - +2 chain mail {rC+}
rPois    +         Spirit   .   L - +2 helmet
rElec    .         Reflect  .   f - scarf {repulsion}
rCorr    .         Harm     .   v - +1 pair of gloves {archery}
MR       ++...                  O - +2 pair of boots {Stlth+}
Stlth    ..........             S - amulet of the gourmand
HPRegen  0.00/turn              T - ring of poison resistance
MPRegen  0.07/turn              x - ring of protection from cold

@: non-regenerating, repel missiles
A: damage resistance, heal wounds, negative energy resistance 1, sense
surroundings 3, screaming 1, no regeneration
}: 2/15 runes: serpentine, barnacled
a: Heal Wounds, Minor Destruction, Lesser Servant of Makhleb, Major Destruction,
Greater Servant of Makhleb, Renounce Religion


You were on level 1 of the Vaults.
You worshipped Makhleb.
Makhleb was extremely pleased with you.
You were very full.

You visited 7 branches of the dungeon, and saw 33 of its levels.
You also visited: Bailey.

You collected 3370 gold pieces.
You spent 324 gold pieces at shops.

Inventory:

Hand Weapons
 a - a +1 whip of electrocution
 I - a +3 broad axe of chopping (weapon)
Armour
 f - a scarf of repulsion (worn)
 v - a +1 pair of gloves of archery (worn)
 C - a +0 large shield (worn)
 L - a +2 helmet (worn)
 O - a +2 pair of boots of stealth (worn)
 Y - a +2 chain mail of cold resistance (worn)
Jewellery
 x - a ring of protection from cold (right hand)
 M - an uncursed ring of protection from magic
 P - an uncursed ring of resist corrosion
 R - an uncursed ring of fire
 S - an amulet of the gourmand (around neck)
 T - a ring of poison resistance (left hand)
Wands
 m - a wand of digging (60)
 w - a wand of paralysis (37)
 y - a wand of iceblast (8)
 J - a wand of acid (24)
 U - a wand of disintegration (21)
 W - a wand of scattershot (4)
Scrolls
 b - 9 scrolls of identify
 e - 5 scrolls of blinking
 g - 12 scrolls of teleportation
 j - 9 scrolls of remove curse
 s - 3 scrolls of fog
 u - 5 scrolls of enchant armour
 A - 6 scrolls of amnesia
 D - a scroll of holy word
 E - a scroll of fear
 G - 2 scrolls of magic mapping
 V - 2 scrolls of immolation
Potions
 d - 5 potions of haste
 i - 4 potions of resistance
 k - 3 potions of curing
 l - 6 potions of lignification
 n - 10 potions of mutation
 o - 2 potions of magic
 p - 3 potions of heal wounds
 q - 5 potions of berserk rage
 r - 3 potions of might
 t - 8 potions of flight
 z - 3 potions of brilliance
 F - a potion of ambrosia
 K - 3 potions of agility
 N - 6 potions of cancellation
 Q - a potion of invisibility
Miscellaneous
 X - a phantom mirror
Comestibles
 c - 65 rations


   Skills:
 - Level 12.0 Fighting
 + Level 13.4(15.1) Axes
 - Level 11.3(13.5) Maces & Flails
 + Level 11.2 Armour
 - Level 10.7 Dodging
 - Level 2.4 Stealth
 + Level 15.4 Shields
 + Level 5.0 Spellcasting
 - Level 8.0 Necromancy
 - Level 18.4 Invocations


You had 24 spell levels left.
You knew the following spells:

 Your Spells              Type           Power        Failure   Level  Hunger
a - Vampiric Draining     Necr           ###.......   45%         3    ###....


Dungeon Overview and Level Annotations

Branches:
Dungeon (15/15)            Temple (1/1) D:4            Lair (6/6) D:10
 Shoals (4/4) Lair:2        Snake (4/4) Lair:4        Slime (0/5) Lair:5
    Orc (2/2) D:11            Elf (0/3) Orc:2        Vaults (1/5) D:13
 Depths (0/5) D:15

Altars:
Ashenzari
Cheibriados
Dithmenos
Elyvilon
Fedhas
Gozag
Hepliaklqana
Kikubaaqudgha
Makhleb
Nemelex Xobeh
Okawaru
Qazlal
Ru
Sif Muna
Trog
Uskayaw
Vehumet
Wu Jian
Xom
Yredelemnul
Zin
The Shining One
Beogh

Shops:
D:14 =   Orc:2 }(!   Shoals:1 }   Shoals:2 :   Snake:3 (


Innate Abilities, Weirdness & Mutations

You are resistant to damage.
You can heal yourself by infusing magical energy.
You resist negative energy. (rN+)
You passively map a large area around you.
You do not regenerate.
You occasionally shout uncontrollably at your foes.


Message History

The yaktaur hits you but does no damage.
You slice the yaktaur!!
You kill the yaktaur!
The yaktaur's corpse shimmers and vanishes!
Your chain mail prevents you from hitting the rakshasa.
You hit the orc knight but do no damage. x2
The orc knight hits you with a great mace of holy wrath!
* * * LOW HITPOINT WARNING * * *
Your neqoxec misses the rakshasa.
The rakshasa blinks!
The orc knight roars a battlecry!
The orc knight goes into a battle-frenzy!
The rakshasa barely misses you.
You feel much better.
Your neqoxec hits the rakshasa but does no damage.
You block the orc priest's attack.
The rakshasa hits your neqoxec with a long sword!
The orc knight hits you with a great mace of holy wrath!!
* * * LOW HITPOINT WARNING * * *
The orc knight hits you with a great mace of holy wrath.
You die...

,..R...#
#.......# ,
#..... #.......#
#...##.......# ,*
#...('.......# *
##...#c......#
#...#..RR...#
#...#.o.o3..# ,*
#....#.oooR..# *
*#...#####@o'####
,.... #.(.....#
....#* #.......#
,, , #.......# ,
#....∩..# *
#.....(.#
#.....(.#
#########


You could see a yaktaur captain, 2 orc knights, 3 rakshasas, an orc sorcerer, 2
orc warriors, an orc priest and a friendly neqoxec.

Vanquished Creatures
  Rupert (D:14)
  A kraken (Shoals:2)
  Kirke (D:13)
  Agnes (Snake:3)
  5 nagarajas (Snake:4)
  A frost giant (Shoals:4)
  A fire giant (D:13)
  A juggernaut zombie (D:15)
  2 merfolk javelineers
  5 merfolk impalers
  Josephine (D:10)
  An ogre mage (Orc:2)
  2 vault guards (D:13)
  Harold (Lair:2)
  A yaktaur captain (D:13)
  Fannar (Orc:1)
  A rakshasa (D:15)
  7 hydras
  The ghost of grom234 the Corrupter of Planes, a journeyman FoAK of Lugonu (D:12)
  Erolcha (D:12)
  The ghost of ThereIsNoGod the Basher, a journeyman DsBe of Trog (D:11)
  13 naga warriors
  3 catoblepae (Lair:6)
  5 centaur warriors
  6 two-headed ogres
  4 merfolk avatars
  7 death yaks (Lair:6)
  5 anacondas
  Erica (D:8)
  4 tengu warriors
  3 naga sharpshooters
  4 shock serpents
  Nergalle (Orc:2)
  2 skeletal warriors (D:15)
  An unseen horror (D:12)
  5 sea snakes
  3 wizards
  3 naga ritualists
  A phantasmal warrior (D:15)
  3 necromancers
  Pikel (D:6)
  2 orc knights
  24 harpies
  11 ugly things
  9 orc sorcerers
  A faun (Shoals:2)
  3 mana vipers
  A stone giant zombie (D:15)
  2 deep elf magi
  9 salamanders
  9 manticores
  13 elephants
  3 merfolk sirens
  3 cyclopes
  3 centaur zombies
  Maurice (Orc:1)
  13 naga magi
  26 black mambas
  5 water nymphs
  A gargoyle (D:10)
  A torpor snail (Lair:6)
  20 spiny frogs
  A yaktaur (shapeshifter) (D:13)
  4 komodo dragons
  A yaktaur (Vaults:1)
  2 rime drakes
  An efreet (D:13)
  A queen bee (D:13)
  9 trolls
  3 tengu conjurers
  A polar bear (Lair:5)
  11 merfolk
  A wind drake (Shoals:1)
  A hornet (D:9)
  3 meliai (D:13)
  14 slime creatures
  A meliai zombie (D:12)
  15 blink frogs
  4 snapping turtles
  12 hippogriffs
  4 dream sheep (Lair:4)
  Sigmund (D:6)
  4 water elementals
  A vampire (D:15)
  29 yaks
  5 wraiths
  A spriggan skeleton (D:15)
  17 humans (D:13)
  5 wyverns
  11 vampire mosquitoes
  3 hogs (D:13)
  4 basilisks
  A steam dragon (Lair:4)
  The ghost of Akransas the Conjurer, an amateur DgCj (D:4)
  2 hungry ghosts
  53 nagas
  3 wargs
  2 soldier ants (D:9)
  An acid dragon (D:12)
  10 porcupines
  Duvessa (D:7)
  9 water moccasins
  5 sky beasts
  25 orc warriors
  3 black bears
  4 ice beasts
  2 phantoms
  A hornet zombie (D:13)
  An eye of draining (D:12)
  18 ogres
  9 centaurs
  9 crocodiles
  3 big kobolds
  9 gnoll sergeants
  31 bullfrogs
  Dowan (D:7)
  6 scorpions
  14 wights
  34 killer bees
  4 howler monkeys
  8 crimson imps
  A bullfrog zombie (D:11)
  17 hounds
  8 jellies
  3 bullfrog skeletons
  22 orc priests
  8 gnoll shamans
  37 orc wizards
  6 centaur skeletons
  Jessica (D:2)
  2 iguanas
  16 worker ants
  A hound zombie (D:7)
  2 hound skeletons
  A worker ant zombie (D:11)
  37 gnolls
  16 adders
  9 river rats (D:7)
  2 shadow imps
  6 oozes
  An adder zombie (D:7)
  4 worms
  A dart slug (D:1)
  7 leopard geckos
  99 orcs
  4 giant cockroaches
  12 goblins
  6 hobgoblins
  9 jackals
  5 quokkas
  A ball python (D:3)
  8 bats
  3 frilled lizards
  2 jackal skeletons
  16 kobolds
  20 rats
  10 fungi
  6 plants
  2 tentacles (Shoals:2)
1123 creatures vanquished.

Vanquished Creatures (collateral kills)
  A storm dragon (D:14)
  6 nagarajas (Snake:4)
  A dire elephant (Lair:6)
  3 merfolk impalers
  Snorg (Orc:1)
  A vault guard (D:13)
  8 naga warriors
  A hydra (Lair:6)
  A merfolk avatar (Shoals:2)
  An alligator snapping turtle (Shoals:2)
  A two-headed ogre (D:10)
  2 anacondas
  A shock serpent (Snake:1)
  A salamander mystic (Snake:4)
  A sea snake (Shoals:4)
  A tengu zombie (D:15)
  A mana viper (Snake:1)
  A necromancer (D:13)
  4 harpies
  A cyclops (D:14)
  2 salamanders (Snake:4)
  2 manticores
  3 water nymphs
  A merfolk siren (Shoals:4)
  A guardian serpent (Snake:3)
  An ice statue (D:11)
  An elephant (Lair:6)
  3 naga magi
  3 black mambas (Snake:3)
  A gargoyle (D:10)
  A spiny frog (Lair:1)
  4 komodo dragons
  3 merfolk
  A wind drake (Shoals:4)
  2 blink frogs (Lair:4)
  2 hippogriffs
  A yak (Lair:6)
  A human (D:13)
  A hungry ghost (D:10)
  A hog (D:13)
  9 nagas
  An acid dragon (D:14)
  An orc warrior (D:15)
  2 porcupines (D:10)
  An ice beast (D:8)
  A centaur (D:10)
  A crocodile (Lair:1)
  2 bullfrogs
  A wyvern zombie (D:10)
  A scorpion (D:10)
  2 killer bees (D:13)
  An orc wizard (D:8)
  A worker ant zombie (D:10)
  A gnoll (Orc:1)
  An orc (D:11)
  A kobold (D:11)
  3 fungi (D:10)
  A plant (D:10)
  A tentacle (Shoals:2)
105 creatures vanquished.

Vanquished Creatures (others)
  An unseen horror (D:11)
  2 nagas (Snake:4)
  A slave (D:6)
  A sky beast (D:11)
  2 killer bees (D:13)
  4 orc wizards
  An orc priest (D:6)
  3 orcs (D:6)
  4 fungi
  5 plants
  7 tentacles (Shoals:2)
  2 withered plants (D:15)
33 creatures vanquished.

Grand Total: 1261 creatures vanquished

Notes
Turn   | Place    | Note
-------+----------+-------------------------------------------
     0 | D:1      | Jatast the Deep Dwarf Monk began the quest for the Orb.
     0 | D:1      | Reached XP level 1. HP: 20/20 MP: 1/1
   166 | D:1      | Reached XP level 2. HP: 18/28 MP: 2/2
   578 | D:1      | Found a sparkling altar of Nemelex Xobeh.
   680 | D:2      | Found a faded altar of an unknown god.
   762 | D:2      | Reached XP level 3. HP: 34/34 MP: 2/2
   896 | D:2      | Noticed Jessica
   908 | D:2      | Killed Jessica
   918 | D:2      | Reached XP level 4. HP: 33/44 MP: 3/3
  1247 | D:3      | Found a shattered altar of Ashenzari.
  1289 | D:3      | Found a bloodstained altar of Trog.
  1438 | D:3      | Reached skill level 5 in Dodging
  1524 | D:3      | Reached XP level 5. HP: 37/50 MP: 4/4
  2109 | D:4      | Noticed a sky beast
  2155 | D:4      | Reached skill level 1 in Armour
  2170 | D:4      | Reached XP level 6. HP: 34/58 MP: 5/5
  2213 | D:4      | Found a snail-covered altar of Cheibriados.
  2235 | D:4      | Found a hide-covered altar of Uskayaw.
  2267 | D:4      | Killed a sky beast
  2276 | D:4      | Reached skill level 5 in Fighting
  2322 | D:4      | Reached XP level 7. HP: 23/67 MP: 5/5
  2370 | D:4      | Found a deep blue altar of Sif Muna.
  2399 | D:4      | Found a staircase to the Ecumenical Temple.
  2404 | Temple   | Entered the Ecumenical Temple
  2762 | D:4      | Noticed Akransas's ghost (amateur DgCj)
  2801 | D:4      | Killed Akransas's ghost
  3023 | D:5      | Entered Level 5 of the Dungeon
  3186 | D:5      | Found a shimmering altar of Xom.
  3743 | D:5      | Found a shattered altar of Ashenzari.
  3779 | D:6      | Reached XP level 8. HP: 51/76 MP: 5/5
  3887 | D:6      | Found an opulent altar of Gozag.
  3914 | D:6      | You fall through a shaft for 3 floors!
  3970 | D:7      | Reached skill level 5 in Armour
  4017 | D:7      | Noticed a hippogriff
  4076 | D:7      | Killed a hippogriff
  4101 | D:6      | Noticed Sigmund
  4102 | D:6      | Found an ornate altar of the Wu Jian Council.
  4120 | D:6      | Noticed Pikel
  4135 | D:6      | Killed Pikel
  4135 | D:6      | Gained mutation: You passively map the area around you. [Deep Dwarf growth]
  4135 | D:6      | Reached XP level 9. HP: 43/86 MP: 6/6
  4397 | D:6      | Reached skill level 5 in Axes
  4498 | D:6      | Found a burning altar of Makhleb.
  4518 | D:6      | Became a worshipper of Makhleb the Destroyer
  4518 | D:6      | Reached * piety under Makhleb
  4518 | D:6      | Reached ** piety under Makhleb
  4582 | D:6      | Found a shimmering altar of Xom.
  4626 | D:6      | Found a stormy altar of Qazlal.
  4735 | D:6      | Found a sacrificial altar of Ru.
  5043 | D:6      | Killed Sigmund
  5043 | D:6      | Reached skill level 2 in Invocations
  5156 | D:7      | Reached skill level 3 in Invocations
  5243 | D:7      | Reached skill level 4 in Invocations
  5282 | D:7      | Noticed Duvessa
  5303 | D:7      | Killed Duvessa
  5326 | D:7      | Noticed Dowan
  5330 | D:7      | Killed Dowan
  5336 | D:7      | Reached skill level 5 in Invocations
  5503 | D:7      | Reached *** piety under Makhleb
  5784 | D:7      | Got a transparent flail
  5785 | D:7      | Identified the cursed +1 flail "Erryt" {distort, +Rage} (You found it on level 7 of the Dungeon)
  6033 | D:7      | Reached XP level 10. HP: 49/94 MP: 9/9
  6110 | D:7      | Reached skill level 6 in Invocations
  6422 | D:8      | Reached skill level 1 in Maces & Flails
  6505 | D:8      | Noticed a two-headed ogre
  6583 | D:8      | Reached **** piety under Makhleb
  6664 | D:8      | Noticed Erica
  6677 | D:8      | Killed Erica
  6677 | D:8      | Reached skill level 7 in Invocations
  6854 | D:8      | Reached skill level 8 in Invocations
  7196 | D:8      | Reached skill level 5 in Maces & Flails
  7600 | D:9      | Reached skill level 1 in Shields
  7609 | D:9      | Found an ancient bone altar of Kikubaaqudgha.
  8066 | D:9      | Paralysed by a hornet for 2 turns
  8175 | D:9      | Noticed a centaur warrior
  8182 | D:9      | Killed a centaur warrior
  8185 | D:9      | Found the +7 Spriggan's Knife {MR+ EV+4 Dex+4 Stlth+}
  8360 | D:9      | Reached XP level 11. HP: 62/100 MP: 10/10
  8446 | D:10     | Entered Level 10 of the Dungeon
  8478 | D:10     | Got a shimmering ring mail
  8489 | D:10     | Identified the +1 ring mail of the Slorg {rC+ MR+ Int+5 Stlth-} (You found it on level 10 of the Dungeon)
  8624 | D:10     | Found a staircase to the Lair.
  8683 | D:10     | Reached skill level 5 in Shields
  8775 | D:10     | Noticed a two-headed ogre
  8784 | D:10     | Killed a two-headed ogre
  9103 | D:10     | Found a shadowy altar of Dithmenos.
  9525 | D:11     | Noticed a four-headed hydra
  9546 | D:11     | Killed a four-headed hydra
  9669 | Lair:1   | Entered Level 1 of the Lair of Beasts
  9919 | Lair:1   | Noticed a four-headed hydra
  9930 | Lair:1   | Killed a four-headed hydra
 10175 | Lair:1   | Reached XP level 12. HP: 72/109 MP: 11/11
 10223 | Lair:1   | Reached skill level 10 in Maces & Flails
 10238 | Lair:1   | Reached ***** piety under Makhleb
 10941 | Lair:2   | Noticed Harold
 10963 | Lair:2   | Killed Harold
 10963 | Lair:2   | Reached skill level 10 in Shields
 11125 | Lair:2   | Found a staircase to the Shoals.
 12386 | Lair:3   | Reached skill level 10 in Dodging
 12823 | Lair:4   | Noticed an eight-headed hydra
 12827 | Lair:4   | Reached XP level 13. HP: 107/118 MP: 11/11
 13154 | Lair:4   | Found a staircase to the Snake Pit.
 13577 | Lair:4   | Learned a level 3 spell: Vampiric Draining
 13912 | Lair:5   | Found a staircase to the Slime Pits.
 14053 | Lair:5   | Reached skill level 1 in Necromancy
 14372 | Lair:5   | Reached skill level 9 in Invocations
 14907 | Lair:6   | Entered Level 6 of the Lair of Beasts
 15499 | Lair:6   | Reached skill level 10 in Armour
 15593 | Lair:6   | Noticed a dire elephant
 15616 | Lair:6   | Killed a dire elephant
 15825 | Lair:6   | Reached skill level 10 in Invocations
 15908 | Lair:6   | Gained mutation: You resist negative energy. (rN+) [Deep Dwarf growth]
 15908 | Lair:6   | Reached XP level 14. HP: 43/130 MP: 7/7
 15915 | Lair:6   | Reached skill level 10 in Fighting
 16155 | Lair:6   | Reached skill level 5 in Necromancy
 16166 | Lair:6   | Reached skill level 1 in Spellcasting
 16637 | D:11     | Noticed Josephine
 16736 | D:10     | Killed Josephine
 17629 | D:11     | Noticed ThereIsNoGod's ghost (journeyman DsBe)
 17651 | D:11     | Killed ThereIsNoGod's ghost
 17696 | D:11     | Found a shimmering altar of Xom.
 17852 | D:11     | Found a staircase to the Orcish Mines.
 17912 | D:11     | Found a roughly hewn altar of Beogh.
 18288 | D:12     | Reached ****** piety under Makhleb
 18324 | D:12     | Reached skill level 11 in Invocations
 18918 | D:12     | Noticed grom234's ghost (journeyman FoAK)
 18934 | D:12     | Killed grom234's ghost
 19116 | D:12     | Noticed Erolcha
 19128 | D:12     | Killed Erolcha
 19947 | D:13     | Noticed a fire giant
 19984 | D:13     | Killed a fire giant
 20250 | D:13     | Reached skill level 12 in Invocations
 20283 | D:13     | Noticed Kirke
 20318 | D:13     | Killed Kirke
 20408 | D:13     | Reached XP level 15. HP: 100/141 MP: 1/8
 20762 | D:13     | Found a gate to the Vaults.
 21067 | D:13     | Reached skill level 5 in Spellcasting
 21105 | D:13     | Found a blossoming altar of Fedhas.
 21533 | D:14     | Noticed Rupert
 21559 | D:14     | Killed Rupert
 21613 | D:14     | Found Alycla Lokk's Jewellery Emporium.
 21696 | D:14     | Reached skill level 13 in Invocations
 22428 | D:14     | Noticed a storm dragon
 22436 | D:14     | Killed a storm dragon
 22738 | D:15     | Entered Level 15 of the Dungeon
 23456 | D:15     | Found a staircase to the Depths.
 23496 | D:15     | HP: 3/144 [juggernaut zombie (55)]
 24191 | Orc:1    | Entered Level 1 of the Orcish Mines
 24193 | Orc:1    | Noticed Maurice
 24206 | Orc:1    | Noticed Fannar
 24221 | Orc:1    | Killed Maurice
 24281 | Orc:1    | Killed Fannar
 24356 | Orc:1    | Found a radiant altar of Vehumet.
 24393 | Orc:1    | Reached skill level 14 in Invocations
 24551 | Orc:1    | Found a flagged portal.
 24559 | Bailey   | Entered a bailey
 24860 | Bailey   | Got a brightly glowing dire flail
 24948 | Orc:1    | Identified the cursed +2 dire flail "Newtbane" {freeze, rC+} (You found it in a bailey)
 25113 | Orc:1    | Noticed Snorg
 25121 | Orc:1    | Killed Snorg
 25227 | Orc:2    | Entered Level 2 of the Orcish Mines
 25348 | Orc:2    | Reached XP level 16. HP: 130/152 MP: 1/8
 25640 | Orc:2    | Found a staircase to the Elven Halls.
 26120 | Orc:2    | Found Bulut's Gadget Shop.
 26166 | Orc:2    | Found a radiant altar of Vehumet.
 26256 | Orc:2    | Found an ancient bone altar of Kikubaaqudgha.
 26257 | Orc:2    | Noticed Nergalle
 26268 | Orc:2    | Gained mutation: You occasionally shout uncontrollably at your foes. [a neqoxec]
 26277 | Orc:2    | Killed Nergalle
 26331 | Orc:2    | Found Neulooc's Antique Weapon Boutique.
 26462 | Orc:2    | Found a roughly hewn altar of Beogh.
 26462 | Orc:2    | Found Puluzxoe's Distillery.
 26501 | Orc:2    | Found Hinonoli's Antique Armour Shop.
 26806 | Snake:1  | Entered Level 1 of the Snake Pit
 27703 | Snake:2  | Reached skill level 15 in Invocations
 28393 | Snake:2  | Identified the +0 ring mail of Kleptomania {Stlth+} (You found it on level 2 of the Snake Pit)
 28888 | Snake:3  | Noticed Agnes
 28898 | Snake:3  | Killed Agnes
 29119 | Snake:3  | Reached skill level 10 in Axes
 29402 | Snake:3  | Found Bopom's Antique Weapon Emporium.
 29409 | Snake:3  | Bought a bloodstained morningstar for 324 gold pieces
 29410 | Snake:3  | Identified the cursed +0 morningstar of Context {speed, Dex+3} (You bought it in a shop on level 3 of the Snake Pit)
 29598 | Snake:4  | Entered Level 4 of the Snake Pit
 29682 | Snake:4  | Found a glowing golden altar of the Shining One.
 29921 | Snake:4  | Reached skill level 16 in Invocations
 30054 | Snake:4  | Reached XP level 17. HP: 110/159 MP: 8/8
 30522 | Snake:4  | Reached skill level 15 in Shields
 30998 | Snake:4  | Reached skill level 17 in Invocations
 31191 | Snake:4  | Got a serpentine rune of Zot
 31449 | Shoals:1 | Entered Level 1 of the Shoals
 31538 | Shoals:1 | Found Yckynix's Gadget Shoppe.
 32308 | Shoals:2 | Found Hegoik's Book Shoppe.
 32310 | Shoals:2 | Identified a scroll of acquirement
 32446 | Shoals:2 | Reached skill level 18 in Invocations
 32949 | Shoals:2 | Noticed a kraken
 32967 | Shoals:2 | Killed a kraken
 33197 | Shoals:2 | Noticed a kraken
 33417 | Shoals:4 | Entered Level 4 of the Shoals
 33514 | Shoals:4 | Gained mutation: You passively map a large area around you. [Deep Dwarf growth]
 33514 | Shoals:4 | Reached XP level 18. HP: 123/168 MP: 4/4
 33766 | Shoals:4 | Got a barnacled rune of Zot
 34094 | Vaults:1 | Entered Level 1 of the Vaults
 34377 | Vaults:1 | HP: 1/168 [orc knight (illusionary)/great mace of holy wrath (27)]
 34377 | Vaults:1 | Slain by an orc knight

Skill      XL: |  1  2  3  4  5  6  7  8  9 10 11 12 13 14 15 16 17 |
---------------+----------------------------------------------------+-----
Fighting       | 3 4 5 7 8 9 11 12 | 12.0
Dodging        | 4 5 6 7 8 10 | 10.7
Armour         | 1 2 4 6 8 10 11 | 11.2
Axes           | 7 10 13 | 13.4
Invocations    | 5 8 10 12 14 16 18 | 18.4
Maces & Flails | 6 9 11 | 11.3
Shields        | 4 8 10 11 13 14 15 | 15.4
Necromancy     | 4 5 7 8 |  8.0
Spellcasting   | 4 5 |  5.0
Stealth        | |  2.4

Action                   |  1- 3 |  4- 6 |  7- 9 | 10-12 | 13-15 | 16-18 || total
-------------------------+-------+-------+-------+-------+-------+-------++-------
Melee: Hand axe          |    90 |     8 |   246 |    21 |       |       ||   365
       Dagger            |    15 |   225 |   496 |    50 |       |       ||   786
       Whip              |       |       |       |   850 |  2740 |       ||  3590
       Knife             |       |       |       |   288 |       |       ||   288
       Broad axe         |       |       |       |       |   250 |  1798 ||  2048
 Cast: Vampiric Draining |       |       |       |       |    59 |    28 ||    87
Invok: Lesser Servant of |       |       |       |     9 |    26 |    33 ||    68
       Minor Destruction |       |       |       |    13 |    20 |    12 ||    45
       Greater Servant o |       |       |       |       |     4 |     5 ||     9
 Abil: Heal Wounds       |     1 |     6 |    23 |    20 |    29 |    77 ||   156
Evoke: Wand              |       |       |    12 |    10 |     8 |     4 ||    34
  Use: Scroll            |       |    10 |     6 |     8 |    12 |    10 ||    46
       Potion            |       |       |       |     3 |     1 |     6 ||    10
 Stab: Sleeping          |     1 |       |       |     3 |       |       ||     4
       Distracted        |       |     1 |       |     5 |     8 |    21 ||    35
       Paralysed         |       |       |     8 |    16 |       |       ||    24
  Eat: Chunk             |       |     5 |    10 |    20 |    64 |    35 ||   134
       Ration            |       |       |     1 |     2 |     1 |       ||     4
Armor: Robe              |     8 |       |       |       |       |       ||     8
       Scale mail        |    21 |    32 |   110 |       |       |       ||   163
       Ring mail         |     5 |    27 |       |    58 |   329 |    47 ||   466
       Chain mail        |       |       |   167 |   171 |       |   364 ||   702
       Plate armour      |       |       |       |   135 |   247 |   132 ||   514
Dodge: Dodged            |    88 |   127 |   511 |   632 |  1106 |   639 ||  3103
       Deflected         |       |       |     5 |     7 |    10 |    79 ||   101
Block: Buckler           |       |       |       |   204 |   173 |       ||   377
       Large shield      |       |       |       |       |  1720 |  2252 ||  3972
       Shield            |       |       |       |       |    91 |       ||    91
